 Dungeon Crawl Stone Soup version 0.19-a0-1498-g0b85ae9 (webtiles) character file.

395 Leszczynek the Cudgeler (level 6, -16/55 HPs)
             Began as an Ogre Necromancer on Sept 10, 2016.
             Was a Follower of Nemelex Xobeh.
             Demolished by a red devil
             ... wielding a +0 trident
             ... summoned by the player character
              (21 damage)
             ... on level 6 of the Dungeon.
             The game lasted 00:10:09 (1542 turns).

Leszczynek the Cudgeler (Ogre Necromancer)          Turns: 1542, Time: 00:10:09

Health: -16/55     AC:  4    Str: 16    XL:     6   Next: 82%
Magic:  9/9        EV: 10    Int: 14    God:    Nemelex Xobeh [*.....]
Gold:   89         SH:  0    Dex: 10    Spells: 3 memorised, 4 levels left

rFire  . . .     SeeInvis .     f - +0 dire flail
rCold  . . .     Gourm    .     a - +0 robe
rNeg   . . .     Faith    .     (shield currently unavailable)
rPois  .         Spirit   .     u - +1 hat
rElec  .         Dismiss  .     (no cloak)
rCorr  .         Reflect  .     (gloves unavailable)
MR     .....     Harm     .     (boots unavailable)
Stlth  +.........               (no amulet)
                                (no ring)
                                (no ring)

@: no status effects
A: unfitting armour, tough skin 1
a: Renounce Religion


You were on level 6 of the Dungeon.
You worshipped Nemelex Xobeh.
Nemelex Xobeh was aware of your devotion.
You were not hungry.

You visited 1 branch of the dungeon, and saw 6 of its levels.

You collected 89 gold pieces.

Inventory:

Hand Weapons
 c - a +0 club
 f - a +0 dire flail (weapon)
 g - a +0 giant spiked club
 q - a +0 flail
 z - a +0 giant club
Missiles
 j - 14 poisoned needles
 o - 21 sling bullets
Armour
 a - a +0 robe (worn)
 u - a +1 hat (worn)
Wands
 y - a wand of random effects (35/48)
Scrolls
 h - 3 scrolls of remove curse
 i - a scroll of recharging {unknown}
 k - a scroll of noise {unknown}
 l - a scroll of teleportation {unknown}
 m - a scroll of blinking {unknown}
 n - 2 scrolls of immolation {unknown}
 r - 2 scrolls of fear {unknown}
 s - a scroll of amnesia {unknown}
 A - a scroll of random uselessness {unknown}
Potions
 e - a potion of curing
 t - a potion of haste
 v - a potion of lignification {unknown}
 x - a potion of flight {unknown}
Books
 b - a book of Necromancy

   Spells                             Type                      Level
   a - Pain                           Necromancy                   1
   b - Animate Skeleton               Necromancy                   1
   c - Vampiric Draining              Necromancy                   3
   d - Regeneration                   Charms/Necromancy            3
   e - Animate Dead                   Necromancy                   4
   f - Control Undead                 Necromancy                   4
Miscellaneous
 p - a plain deck of summoning {drawn: 5}
 w - a plain deck of summoning
Comestibles
 d - 4 bread rations


   Skills:
 - Level 1.3 Fighting
 * Level 7.2 Maces & Flails
 - Level 1.7 Dodging
 - Level 1.5 Stealth
 - Level 2.4 Spellcasting
 - Level 2.9 Necromancy
 + Level 3.6 Invocations


You had 4 spell levels left.
You knew the following spells:

 Your Spells              Type           Power        Failure   Level  Hunger
a - Pain                  Necr           ##..         10%         1    #......
b - Animate Skeleton      Necr           N/A          10%         1    #......
q - Regeneration          Chrm/Necr      #.........   38%         3    ###....


Dungeon Overview and Level Annotations

Branches:
Dungeon (6/15)
 Temple: D:4-7

Altars:
Nemelex Xobeh
Okawaru


Innate Abilities, Weirdness & Mutations

You are too large for most types of armour.
You have tough skin. (AC +1)


Message History

The ice beast barely misses your hell hound.
Your hell hound bites the ice beast.
The ice beast dies!
Your Maces & Flails skill increases to level 7!
Unknown command.
The red devil closely misses your hell hound.
You found a teleport trap!
Really walk into that teleport trap? [Y]es or [N]o only, please.
Really walk into that teleport trap? [Y]es or [N]o only, please.
Really walk into that teleport trap?
Okay, then.
You swap places.
The red devil hits you from afar with a trident!
* * * LOW HITPOINT WARNING * * *
The red devil hops backward while attacking.
The red devil hits you from afar with a trident!!
You die...
Your body disappears without a glow.

##...#######.#.###.....#
.>.............<.......#
##.#.###########.#..........
##.## #.#>....##.## ##
#.####### .# #^# .# #.# .
###h### ######### #..@..#
..O.....# ####.....# #.#
#.....4..# #.# #.##.....# .
#.# #.##.....# .#
####.###.######## .#
#........# .# #.##.##### .#
#.##.##


You could see a red devil and a friendly hell hound.

Vanquished Creatures
  A wight (D:6)
  A crimson imp (D:5)
  A hound (D:5)
  2 adders (D:3)
  A shadow imp (D:6)
  An ooze (D:4)
  A dart slug (D:3)
  An orc (D:3)
  3 giant cockroaches
  2 goblins
  2 hobgoblins
  3 kobolds
  A quokka (D:2)
  2 ball pythons
  4 bats
  4 giant newts
  A rat (D:1)
31 creatures vanquished.

Vanquished Creatures (collateral kills)
  An ice beast (D:6)
  A sky beast (D:6)
  2 ogres (D:6)
  2 wights (D:6)
  A worker ant (D:6)
  A dart slug (D:2)
  A goblin (D:2)
  A hobgoblin (D:3)
  A kobold (D:2)
  A bat (D:3)
  A giant newt (D:1)
13 creatures vanquished.

Grand Total: 44 creatures vanquished

Notes
Turn   | Place    | Note
-------+----------+-------------------------------------------
     0 | D:1      | Leszczynek the Ogre Necromancer began the quest for the Orb.
     0 | D:1      | Reached XP level 1. HP: 16/16 MP: 3/3
     2 | D:1      | Learned a level 1 spell: Animate Skeleton
    72 | D:1      | Reached skill level 1 in Fighting
   156 | D:1      | Reached skill level 1 in Maces & Flails
   163 | D:1      | Reached XP level 2. HP: 24/27 MP: 5/5
   383 | D:3      | Found a sparkling altar of Nemelex Xobeh.
   392 | D:3      | Became a worshipper of Nemelex Xobeh the Trickster
   409 | D:3      | Reached skill level 2 in Maces & Flails
   578 | D:3      | Received a gift from Nemelex Xobeh
   619 | D:3      | Reached skill level 3 in Maces & Flails
   619 | D:3      | Reached XP level 3. HP: 20/33 MP: 2/6
   971 | D:3      | Reached skill level 1 in Invocations
  1011 | D:5      | Entered Level 5 of the Dungeon
  1011 | D:5      | Noticed a sky beast
  1086 | D:5      | Learned a level 3 spell: Regeneration
  1112 | D:5      | Reached * piety under Nemelex Xobeh
  1144 | D:5      | Noticed a phantom
  1146 | D:5      | Reached skill level 4 in Maces & Flails
  1146 | D:5      | Reached XP level 4. HP: 16/41 MP: 7/7
  1170 | D:5      | Noticed an ogre
  1185 | D:6      | Noticed a sky beast
  1194 | D:6      | Killed a sky beast
  1194 | D:6      | Reached skill level 5 in Maces & Flails
  1194 | D:6      | Reached skill level 2 in Invocations
  1194 | D:6      | Reached XP level 5. HP: 24/48 MP: 8/8
  1210 | D:6      | Noticed an ogre
  1216 | D:6      | Killed an ogre
  1248 | D:6      | Received a gift from Nemelex Xobeh
  1335 | D:5      | Found an iron altar of Okawaru.
  1465 | D:6      | Reached skill level 6 in Maces & Flails
  1465 | D:6      | Reached XP level 6. HP: 51/55 MP: 9/9
  1476 | D:6      | Reached skill level 3 in Invocations
  1524 | D:6      | Noticed an ice beast
  1534 | D:6      | Noticed a red devil
  1537 | D:6      | Killed an ice beast
  1537 | D:6      | Reached skill level 7 in Maces & Flails
  1541 | D:6      | HP: 4/55 [red devil/trident[the player character] (7)]
  1542 | D:6      | Demolished by a red devil

Vault maps used:
D:1:      tarquinn_simple_flora_water_f
D:2:      elyvilon_altar_4, tgw_xom
D:3:      marbit_many_paths, nemelex_xobeh_ov_fountains_minmay
D:4:      grunt_decor_fettered, glass_columns_b, uniq_crazy_yiuf_cottage,
          uniq_robin, uniq_duvessa
D:5:      lemuel_ratsnest, lemuel_crystal_altar, first_bread
D:6:      gammafunk_temple_overflow_wave

Skill      XL: |  1  2  3  4  5  6 |
---------------+-------------------+-----
Fighting       | 1 |  1.3
Maces & Flails | 1 3 4 5 6 7 |  7.2
Invocations    | 1 2 3 |  3.6
Dodging        | |  1.7
Stealth        | |  1.5
Spellcasting   | |  2.4
Necromancy     | |  2.9

Action                   |  1- 3 |  4- 6 || total
-------------------------+-------+-------++-------
Melee: Club              |    34 |       ||    34
       Unarmed           |     6 |       ||     6
       Flail             |    41 |    26 ||    67
       Dire flail        |       |    13 ||    13
 Cast: Pain              |    26 |       ||    26
       Animate Skeleton  |    13 |       ||    13
Evoke: Deck              |     1 |     4 ||     5
       Wand              |       |     1 ||     1
  Use: Scroll            |     4 |       ||     4
 Stab: Sleeping          |     2 |     1 ||     3
       Distracted        |     1 |       ||     1
  Eat: Chunk             |     2 |     1 ||     3
Armor: Robe              |    31 |    14 ||    45
Dodge: Dodged            |    47 |    19 ||    66
